 Dungeon Sprint DCSS version 0.21.0-24-g2553a33 (webtiles) character file.

21075 letownia2 the Brawler (level 12, -6/130 HPs)
             Began as a Troll Wizard on Jan 20, 2018.
             Was the Champion of Makhleb.
             Mangled by a deep elf blademaster
             ... wielding a +0 rapier
              (9 damage)
             ... in the Dungeon (Sprint V: "Ziggurat Sprint").
             The game lasted 00:18:30 (1082 turns).

letownia2 the Brawler (Troll Wizard)                Turns: 1082, Time: 00:18:30

Health: -6/130     AC: 28    Str: 31    XL:     12   Next: 51%
Magic:  15/15      EV:  0    Int: 17    God:    Makhleb [******]
Gold:   0          SH: 33    Dex:  8    Spells: 3/17 levels left

rFire    + . .     SeeInvis .     - Unarmed
rCold    + . .     Gourm    +   P - +18 shield of the Gong {rElec rN+ MR+ EV-5}
rNeg     + . .     Faith    .   l - +5 gold dragon scales
rPois    +         Spirit   .   b - +0 hat
rElec    +         Reflect  +   c - +1 cloak {rPois}
rCorr    .         Harm     .   (gloves unavailable)
MR       +....     NoTele   +   (boots unavailable)
Stlth    ..........             p - +2 amulet of reflection
HPRegen  0.71/turn              M - +6 ring of strength
MPRegen  0.14/turn              L - +6 ring of strength

@: lethally poisoned (-6 -> -8), berserk cooldown, slowed, very slow
A: large, unfitting armour, claws 3, fast metabolism 3, gourmand, regeneration
1, shaggy fur 1, tough skin 2
a: Minor Destruction, Lesser Servant of Makhleb, Major Destruction, Greater
Servant of Makhleb, Renounce Religion


You were in the Dungeon.
You worshipped Makhleb.
Makhleb was exalted by your worship.
You were very full.

You visited 1 branch

Inventory:

Hand Weapons
 O - the +9 heavy crossbow "Sniper" {velocity, Acc+∞ SInv}
   (You found it in the Dungeon)

   Any bolt fired from it inflicts extra damage.
   It lets you see invisible.
 R - the +8 lance "Wyrmbane" {slay drac, rPois rF+ rC+ AC+3}
   (You found it in the Dungeon)

   It affects your AC (+3).
   It protects you from fire.
   It protects you from cold.
   It protects you from poison.
Missiles
 H - 1000 bolts
Armour
 a - the +0 large shield "Raqep" {rC+}
   (You found it in the Dungeon)

   It protects you from cold.
 b - a +0 hat (worn)
 c - a +1 cloak of poison resistance (worn)
 k - +5 fire dragon scales
 l - +5 gold dragon scales (worn)
 m - +5 ice dragon scales
 n - +5 shadow dragon scales
 o - +5 storm dragon scales
 P - the +18 shield of the Gong (worn) {rElec rN+ MR+ EV-5}
   (You found it in the Dungeon)

   It affects your evasion (-5).
   It insulates you from electricity.
   It protects you from negative energy.
   It affects your resistance to hostile enchantments.
Magical Staves
 Z - an uncursed staff of cold
Jewellery
 p - a +2 amulet of reflection (around neck)
 I - a +6 ring of dexterity
 J - a +6 ring of intelligence
 K - a +6 ring of intelligence
 L - a +6 ring of strength (right claw)
 M - a +6 ring of strength (left claw)
 N - an uncursed ring of flight
 Q - the cursed ring "Ycool" {rElec rN+ Str-4 Dex+2}
   (You found it in the Dungeon)

   [ring of strength]

   It affects your strength (-4).
   It affects your dexterity (+2).
   It insulates you from electricity.
   It protects you from negative energy.
   It has a curse placed upon it.
 T - an uncursed ring of magical power
 U - an uncursed ring of fire
 W - the ring "Xyturegy" {rCorr +Inv Dex+3}
   (You found it in the Dungeon)

   [ring of resist corrosion]

   It affects your dexterity (+3).
   It lets you turn invisible.
 Y - the ring of Moodiness {rN+ MP+9 Str-5 SInv Stlth+}
   (You found it in the Dungeon)

   [ring of magical power]

   It affects your strength (-5).
   It protects you from negative energy.
   It affects your magic capacity (+9).
   It lets you see invisible.
   It makes you more stealthy.
Wands
 D - a wand of disintegration (7)
 E - a wand of iceblast (1)
Scrolls
 j - 4 scrolls of blinking
 x - 4 scrolls of amnesia
 y - 7 scrolls of fog
 z - a scroll of holy word
 A - 5 scrolls of identify
 B - 5 scrolls of remove curse
 C - 2 scrolls of fear
 F - a scroll of brand weapon
Potions
 e - 6 potions of curing
 f - 8 potions of heal wounds
 g - 6 potions of haste
 h - 7 potions of magic
 i - a potion of berserk rage
 r - 2 potions of brilliance
 s - a potion of invisibility
 t - 4 potions of resistance
 v - 5 potions of agility
 w - 5 potions of might
Books
 u - a book of Dreams

   Spells                             Type                      Level
   a - Ensorcelled Hibernation        Hexes/Ice                    2
   b - Borgnjor's Vile Clutch         Necromancy/Earth             5
   c - Silence                        Hexes/Air                    5
   d - Darkness                       Hexes                        6
   e - Shadow Creatures               Summoning                    6
 V - a book of Alchemy

   Spells                             Type                      Level
   a - Sublimation of Blood           Necromancy                   2
   b - Ignite Poison                  Fire/Transmutation/Poison    3
   c - Petrify                        Transmutation/Earth          4
   d - Alistair's Intoxication        Transmutation/Poison         5
   e - Irradiate                      Conjuration/Transmutation    5
Miscellaneous
 q - a lamp of fire
 G - a phial of floods
 S - a lightning rod (4/4)
 X - a fan of gales
Comestibles
 d - 8 rations


   Skills:
 - Level 11.4 Fighting
 - Level 10.2 Armour
 - Level 3.0 Dodging
 - Level 1.0 Stealth
 - Level 12.9 Shields
 + Level 19.4 Unarmed Combat
 - Level 3.2 Spellcasting
 - Level 3.0 Conjurations
   Level 0.6 Summonings
 - Level 4.9 Translocations
 - Level 1.4 Air Magic
 - Level 1.6 Poison Magic


You had 3 spell levels left.
You knew the following spells:

 Your Spells              Type           Power        Failure   Level  Hunger
a - Magic Dart            Conj           ##..         73%         1    None
b - Blink                 Tloc           N/A          58%         2    ##.....
c - Conjure Flame         Conj/Fire      #.......     99%         3    ###....
e - Mephitic Cloud        Conj/Pois/Air  #.......     99%         3    ###....
i - Silence               Hex/Air        #.........   100%        5    ######.


Dungeon Overview and Level Annotations

Branches:
Dungeon (1/1)

Altars:
Ashenzari
Cheibriados
Dithmenos
Elyvilon
Fedhas
Gozag
Hepliaklqana
Kikubaaqudgha
Makhleb
Nemelex Xobeh
Okawaru
Qazlal
Ru
Sif Muna
Trog
Uskayaw
Vehumet
Wu Jian
Xom
Yredelemnul
Zin
The Shining One
Beogh
Jiyva
Lugonu


Innate Abilities, Weirdness & Mutations

You are too large for most types of armour.
You have claws for hands.
Your metabolism is lightning-fast.
You like to eat raw meat.
Your natural rate of healing is unusually fast.
You are covered in fur. (AC +1)
You have very tough skin. (AC +2)


Message History

GONNNNG!
The deep elf blademaster completely misses you.
You block the halberd of venom's attack.
PTOANNNG!
You block the deep elf blademaster's attack.
GONNNNG!
The deep elf blademaster hits you but does no damage.
Found three items.
Items here: ( ))) [[[ †† You feel sick.
You block the halberd of venom's attack.
GONNNNG!
The deep elf blademaster hits you with a rapier!
* * * LOW HITPOINT WARNING * * *
You block the deep elf blademaster's attack.
GONNNNG!
You block the halberd of venom's attack.
BONNNG!
The deep elf blademaster hits you with a rapier!
You die...

▓▓▓▓▓▓▓▓▓▓▓▓▓▓▓▓▓▓▓
▓...8©8...▓...8©8...▓
▓..[.)|...▓..:))):..▓
▓.."=)(..(▓.....|)..▓
▓.........▓.........▓
▓.........▓.........▓
▓.........▓.........▓
▓.........▓.........▓
▓....(@...▓%▓.....▓.▓
▓...))ee..▓.†..©....▓
▓...)©)...▓▓▓▓▓▓▓▓▓▓▓
▓▓▓▓▓▓▓▓▓▓▓


You could see a deep elf blademaster, a deep elf archer and a halberd of venom.

Vanquished Creatures
  A bone dragon (D)
  A deep elf master archer (D)
  A deep elf sorcerer (D)
  2 deep elf elementalists (D)
  2 deep elf annihilators (D)
  A deep elf high priest (D)
  2 dancing weapons (D)
  2 deep elf knights (D)
  A large abomination (D)
  A wolf spider (D)
  2 deep elf magi (D)
  6 draconians (D)
  3 jumping spiders (D)
  A polar bear (D)
  4 merfolk (D)
  3 hippogriffs (D)
  A tarantella (D)
  A redback (D)
  A spriggan (D)
  3 yaks (D)
  A golden eye (D)
  3 insubstantial wisps (D)
  A water moccasin (D)
  A porcupine (D)
  2 black bears (D)
  2 ice beasts (D)
  3 wolves (D)
  A crocodile (D)
  A bullfrog (D)
  An earth elemental (D)
  A shadow imp (D)
  3 white imps (D)
  A leopard gecko simulacrum (D)
60 creatures vanquished.

Vanquished Creatures (others)
  A deep elf knight (D)
  A spatial maelstrom (D)
2 creatures vanquished.

Grand Total: 62 creatures vanquished

Notes
Turn   | Place    | Note
-------+----------+-------------------------------------------
     0 | D        | Found the +6 Majin-Bo {vamp, Archmagi MP+6 Int+6}
     0 | D        | Found the +7 great mace "Firestarter" {inner flame, rF++}
     0 | D        | letownia2 the Troll Wizard began the quest for the Orb.
     0 | D        | Reached XP level 1. HP: 16/16 MP: 2/2
     3 | D        | Banished a spatial maelstrom
    13 | D        | Found a blossoming altar of Fedhas.
    18 | D        | Found a deep blue altar of Sif Muna.
    18 | D        | Found a sacrificial altar of Ru.
    18 | D        | Found a bloodstained altar of Trog.
    18 | D        | Found a stormy altar of Qazlal.
    18 | D        | Found an iron altar of Okawaru.
    18 | D        | Found a sparkling altar of Nemelex Xobeh.
    20 | D        | Found a transporter.
    20 | D        | Found an ancient bone altar of Kikubaaqudgha.
    20 | D        | Found a viscous altar of Jiyva.
    20 | D        | Found a corrupted altar of Lugonu.
    20 | D        | Found a hazy altar of Hepliaklqana.
    20 | D        | Found a burning altar of Makhleb.
    20 | D        | Found an opulent altar of Gozag.
    37 | D        | Found the +9 heavy crossbow "Sniper" {velocity, Acc+∞ SInv}
    37 | D        | Found the +10 dark maul {crush}
    37 | D        | Found the +15 Maxwell's patent armour {-Cast -Tele rElec MR+ rCorr}
    37 | D        | Found the +18 shield of the Gong {rElec rN+ MR+ EV-5}
    37 | D        | Found the cursed +14 obsidian axe {chop, +Fly SInv *Curse}
    38 | D        | Found the +6 shillelagh "Devastator" {shatter}
    38 | D        | Found the +11 plutonium sword {*Contam Stlth-}
    38 | D        | Found the +8 lance "Wyrmbane" {slay drac, rPois rF+ rC+ AC+3}
    38 | D        | Found the +9 sword of Zonguldrok {reap}
    38 | D        | Found the cursed +13 scythe of Curses {drain, *Curse}
    38 | D        | Found the +0 sword of Power
    38 | D        | Found the +3 mace of Variability {chaos}
    38 | D        | Found the +7 Singing Sword
    38 | D        | Found the +7 longbow "Piercer" {penet, EV-2}
    94 | D        | Became a worshipper of Makhleb the Destroyer
   117 | D        | Reached skill level 1 in Fighting
   117 | D        | Reached skill level 3 in Unarmed Combat
   117 | D        | Reached skill level 1 in Conjurations
   117 | D        | Reached skill level 1 in Air Magic
   117 | D        | Reached skill level 1 in Poison Magic
   117 | D        | Reached XP level 2. HP: 28/28 MP: 2/4
   121 | D        | Learned a level 2 spell: Blink
   126 | D        | Entered arena 2.
   126 | D        | Noticed a draconian
   126 | D        | Noticed a draconian
   126 | D        | Found a transporter.
   127 | D        | Found the +3 giant club "Skullcrusher" {speed, Str+7}
   136 | D        | Killed a draconian
   136 | D        | Reached skill level 12 in Unarmed Combat
   136 | D        | Reached XP level 3. HP: 35/35 MP: 3/5
   136 | D        | Reached XP level 4. HP: 42/42 MP: 3/6
   136 | D        | Reached XP level 5. HP: 49/49 MP: 3/7
   136 | D        | Reached XP level 6. HP: 57/57 MP: 3/8
   144 | D        | Killed a draconian
   144 | D        | Reached XP level 7. HP: 67/67 MP: 3/10
   153 | D        | Learned a level 3 spell: Mephitic Cloud
   157 | D        | Learned a level 3 spell: Conjure Flame
   198 | D        | Entered arena 3.
   198 | D        | Found a transporter.
   206 | D        | Reached * piety under Makhleb
   222 | D        | Reached skill level 13 in Unarmed Combat
   222 | D        | Reached XP level 8. HP: 74/78 MP: 11/11
   231 | D        | Entered arena 4.
   231 | D        | Found a transporter.
   232 | D        | Found the cursed -5 robe of Misfortune {-Cast *Contam *Tele *Drain EV-5 Stlth-- *Curse}
   242 | D        | Reached ** piety under Makhleb
   247 | D        | Reached skill level 5 in Fighting
   272 | D        | Entered arena 5.
   272 | D        | Noticed a draconian
   272 | D        | Noticed a draconian
   272 | D        | Noticed a draconian
   272 | D        | Noticed a draconian
   272 | D        | Found a transporter.
   286 | D        | Killed a draconian
   286 | D        | Reached *** piety under Makhleb
   293 | D        | Killed a draconian
   293 | D        | Reached XP level 9. HP: 73/88 MP: 12/12
   299 | D        | Killed a draconian
   299 | D        | Reached skill level 10 in Shields
   307 | D        | Killed a draconian
   314 | D        | Got the +9 lajatang "Hydraslayer" {slice, -Tele +Rage +Inv Dex+7}
   318 | D        | Got the +2 robe of Acsyaskoyto {MP+9 Str+4 Int+2 Dex-3}
   324 | D        | Entered arena 6.
   324 | D        | Noticed a polar bear
   324 | D        | Found a transporter.
   330 | D        | Reached **** piety under Makhleb
   340 | D        | Killed a polar bear
   340 | D        | Reached skill level 14 in Unarmed Combat
   346 | D        | Got the ring "Xyturegy" {rCorr +Inv Dex+3}
   351 | D        | Entered arena 7.
   351 | D        | Noticed a jumping spider
   351 | D        | Noticed a jumping spider
   351 | D        | Noticed a wolf spider
   351 | D        | Noticed a jumping spider
   355 | D        | Killed a jumping spider
   355 | D        | Reached ***** piety under Makhleb
   356 | D        | Reached XP level 10. HP: 96/96 MP: 13/13
   358 | D        | Found a transporter.
   359 | D        | Killed a wolf spider
   386 | D        | Got the ring of Moodiness {rN+ MP+9 Str-5 SInv Stlth+}
   404 | D        | Got the +0 large shield "Raqep" {rC+}
   444 | D        | Entered arena 8.
   444 | D        | Noticed a bone dragon
   444 | D        | Noticed a large abomination
   453 | D        | Reached skill level 1 in Armour
   473 | D        | Killed a large abomination
   483 | D        | Found a transporter.
   544 | D        | Reached ****** piety under Makhleb
   590 | D        | Killed a bone dragon
   590 | D        | Reached skill level 10 in Armour
   590 | D        | Reached XP level 11. HP: 72/102 MP: 2/14
   699 | D        | Entered arena 9.
   706 | D        | Found a transporter.
   734 | D        | Reached skill level 15 in Unarmed Combat
   782 | D        | Learned a level 5 spell: Silence
   790 | D        | Entered arena 10.
   790 | D        | Noticed a deep elf mage
   790 | D        | Noticed a deep elf sorcerer
   790 | D        | Noticed a deep elf knight
   790 | D        | Noticed a deep elf knight
   790 | D        | Noticed a scimitar of holy wrath
   790 | D        | Noticed a long sword of electrocution
   790 | D        | Noticed a deep elf elementalist
   805 | D        | Killed a deep elf elementalist
   809 | D        | Killed a deep elf knight
   812 | D        | Killed a deep elf knight
   813 | D        | Killed a scimitar of holy wrath
   819 | D        | Killed a deep elf sorcerer
   819 | D        | Reached skill level 10 in Fighting
   824 | D        | Killed a long sword of electrocution
   835 | D        | Killed a deep elf mage
   841 | D        | Found a transporter.
   962 | D        | Entered arena 11.
   992 | D        | Reached skill level 16 in Unarmed Combat
   993 | D        | Found a transporter.
  1006 | D        | Got the cursed ring "Ycool" {rElec rN+ Str-4 Dex+2}
  1024 | D        | Entered arena 12.
  1024 | D        | Noticed a deep elf high priest
  1024 | D        | Noticed a deep elf archer
  1024 | D        | Noticed a halberd of venom
  1024 | D        | Noticed a deep elf master archer
  1024 | D        | Noticed a deep elf elementalist
  1024 | D        | Noticed a deep elf mage
  1024 | D        | Noticed a deep elf annihilator
  1026 | D        | Noticed a deep elf blademaster
  1026 | D        | Noticed a deep elf annihilator
  1030 | D        | Noticed a deep elf knight
  1032 | D        | Killed a deep elf mage
  1034 | D        | Killed a deep elf master archer
  1034 | D        | Reached skill level 17 in Unarmed Combat
  1034 | D        | Reached XP level 12. HP: 36/130 MP: 15/15
  1036 | D        | HP: 6/195 [deep elf annihilator/poison arrow (26)]
  1037 | D        | Killed a deep elf high priest
  1042 | D        | Killed a deep elf annihilator
  1042 | D        | Reached skill level 18 in Unarmed Combat
  1046 | D        | Killed a deep elf elementalist
  1051 | D        | Killed a deep elf annihilator
  1051 | D        | Reached skill level 19 in Unarmed Combat
  1082 | D        | Found a transporter.
  1082 | D        | HP: 3/130 [deep elf blademaster/rapier (9)]
  1082 | D        | Mangled by a deep elf blademaster

Skill      XL: |  1  2  3  4  5  6  7  8  9 10 11 12 |
---------------+-------------------------------------+-----
Fighting       | 1 3 4 5 11 | 11.4
Unarmed Combat | 3 12 13 14 17 19 | 19.4
Conjurations   | 1 3 |  3.0
Translocations | 2 3 4 |  4.9
Air Magic      | 1 |  1.4
Poison Magic   | 1 |  1.6
Dodging        | 3 |  3.0
Shields        | 2 3 8 11 12 | 12.9
Spellcasting   | 3 |  3.2
Armour         | 10 | 10.2
Stealth        | |  1.0
Summonings     | |  0.6

Action                   |  1- 3 |  4- 6 |  7- 9 | 10-12 || total
-------------------------+-------+-------+-------+-------++-------
Melee: Unarmed           |     8 |     8 |    77 |   242 ||   335
 Cast: Blink             |       |       |       |    11 ||    11
Evoke: Wand              |       |       |     3 |    10 ||    13
       Lamp of fire      |       |       |       |     3 ||     3
  Use: Potion            |     2 |       |     1 |     7 ||    10
 Stab: Invisible         |       |       |       |     1 ||     1
  Eat: Chunk             |       |       |     7 |     8 ||    15
Armor: Storm dragon scal |     3 |     2 |    53 |    38 ||    96
       Gold dragon scale |       |       |       |   138 ||   138
Dodge: Dodged            |       |       |    28 |     9 ||    37
Block: Shield            |       |       |    15 |   492 ||   507
       Reflection        |       |       |       |    15 ||    15
